cohdb
Replays
Latest Replays
All Replays
Popular Replays
Top Player Replays
Match Explorer
How It Works
Community
CoH3 Stats
Reddit
Sign in to upload your games and track your stats! →
Sign in with Steam
Match 43385107
Unlisted
Match 43385107
Overview
Messages
Build Orders
End
Construct Infanterie Kompanie
Grenadier Squad
Grenadier Squad
Grenadier Squad
Infanterie Officer Quarters
GrW 34 Mortar Team
Grenadier Squad
Construct Panzergrenadier Kompanie
Pak 40 Anti-tank Gun Team
Grenadier Squad
GrW 34 Mortar Team
Selects Mechanized Battlegroup
Selects Raid Package
Selects 8 Rad Armored Car
8 Rad Armored Car
Grenadier Squad
Grenadier Squad
Construct Panzer Kompanie
deSmo)°
Stabvil
Max1boy
SneaKerz
0
0
Comments
sign in to comment!
No comments posted yet!